General information
- name: BNet
- type: Ladder team game (AT/RT)
- host: Battle.net
- saver: nlggerwcrmods
map: Friends
- players: 8
- length: 45:58
- speed: Fast
- version: 1.26 W3XP
- replay type: Public
» download(333 KB)
Players
team 1 (loser)
iKillDumbAllies (
red | 72 APM | 3259 actions | 45:34)
4 Death Knight
2 Death Coil
2 Unholy Aura
3 Dark Ranger
2 Black Arrow
1 Silence
» actions
| Assign group hotkey | 125 | |
| Basic commands | 163 | |
| Build / train | 62 | |
| Enter build submenu | 15 | |
| Enter hero's abilities submenu | 7 | |
| Give item / drop item | 5 | |
| Right click | 1320 | |
| Select / deselect | 467 | |
| Select group hotkey | 971 | |
| Use ability | 124 | |
3259 total
» units
| Acolyte | 2 | |
| Ghoul | 6 | |
| Crypt Fiend | 13 | |
| Obsidian Statue | 2 | |
23 total
» upgrades
| Creature Carapace | 1 | |
| Web | 1 | |
| Burrow | 1 | |
| Destroyer Form | 1 | |
4 total
» buildings
| Crypt | 3 | |
| Ziggurat | 7 | |
| Altar of Darkness | 1 | |
| Tomb of Relics | 1 | |
| Nerubian Tower | 1 | |
| Graveyard | 1 | |
| Halls of the Dead | 1 | |
| Spirit Tower | 2 | |
| Slaughterhouse | 2 | |
| Black Citadel | 1 | |
20 total
» build order
00:08 Crypt
00:15 Ziggurat
00:35 Altar of Darkness
01:01 Tomb of Relics
03:07 Nerubian Tower
03:17 Ziggurat
03:22 Graveyard
03:42 Ziggurat
04:42 Halls of the Dead
04:56 Spirit Tower
05:21 Spirit Tower
05:29 Crypt
06:04 Ziggurat
10:50 Slaughterhouse
12:19 Black Citadel
14:48 Ziggurat
15:10 Slaughterhouse
17:46 Ziggurat
19:20 Crypt
19:37 Ziggurat
» items
| Rod of Necromancy | 4 | |
| Dust of Appearance | 1 | |
| Scroll of Town Portal | 8 | |
| Orb of Corruption | 2 | |
| Potion of Healing | 3 | |
18 total
nlggerwcrmods (
green | 33 APM | 1520 actions | 45:58)
5 Death Knight
3 Death Coil
2 Unholy Aura
» actions
| Assign group hotkey | 22 | |
| Basic commands | 39 | |
| Build / train | 78 | |
| Enter build submenu | 17 | |
| Enter hero's abilities submenu | 5 | |
| Give item / drop item | 1 | |
| Remove unit from queue | 4 | |
| Right click | 542 | |
| Select / deselect | 353 | |
| Select group hotkey | 388 | |
| Use ability | 71 | |
1520 total
» units
| Acolyte | 26 | |
| Ghoul | 7 | |
| Gargoyle | 3 | |
| Frost Wyrm | 6 | |
| Goblin Zeppelin | 1 | |
43 total
» upgrades
| Creature Attack | 2 | |
| Creature Carapace | 1 | |
| Freezing Breath | 1 | |
4 total
» buildings
| Graveyard | 1 | |
| Crypt | 1 | |
| Ziggurat | 11 | |
| Altar of Darkness | 1 | |
| Nerubian Tower | 1 | |
| Tomb of Relics | 2 | |
| Halls of the Dead | 3 | |
| Spirit Tower | 8 | |
| Black Citadel | 1 | |
| Sacrificial Pit | 1 | |
| Boneyard | 2 | |
| Necropolis | 1 | |
33 total
» build order
00:22 Graveyard
00:26 Crypt
00:53 Ziggurat
01:00 Altar of Darkness
01:50 Nerubian Tower
01:55 Ziggurat
02:31 Tomb of Relics
03:18 Halls of the Dead
03:19 Halls of the Dead
04:25 Ziggurat
04:47 Spirit Tower
05:30 Spirit Tower
05:45 Black Citadel
05:49 Sacrificial Pit
07:09 Ziggurat
07:09 Ziggurat
08:11 Boneyard
08:13 Boneyard
08:34 Ziggurat
10:06 Spirit Tower
10:26 Spirit Tower
10:30 Spirit Tower
15:06 Necropolis
15:59 Ziggurat
16:00 Ziggurat
17:04 Spirit Tower
18:40 Ziggurat
18:42 Ziggurat
18:43 Ziggurat
19:37 Spirit Tower
21:12 Spirit Tower
22:48 Tomb of Relics
» items
| Rod of Necromancy | 1 | |
| Scroll of Town Portal | 4 | |
| Orb of Corruption | 1 | |
| Red Drake Egg | 1 | |
| Demonic Figurine | 1 | |
8 total

»
Gx.Eriko (
teal | 58 APM | 1933 actions | 33:10)
6 Death Knight
3 Death Coil
2 Unholy Aura
1 Animate Dead
» actions
| Assign group hotkey | 62 | |
| Basic commands | 72 | |
| Build / train | 52 | |
| ESC pressed | 1 | |
| Enter build submenu | 10 | |
| Enter hero's abilities submenu | 6 | |
| Right click | 727 | |
| Select / deselect | 489 | |
| Select group hotkey | 413 | |
| Use ability | 101 | |
1933 total
» units
| Acolyte | 3 | |
| Ghoul | 3 | |
| Crypt Fiend | 25 | |
| Goblin Sapper | 2 | |
33 total
» upgrades
| Burrow | 1 | |
| Web | 1 | |
| Creature Attack | 1 | |
3 total
» buildings
| Graveyard | 1 | |
| Crypt | 2 | |
| Altar of Darkness | 1 | |
| Ziggurat | 5 | |
| Tomb of Relics | 1 | |
| Spirit Tower | 2 | |
| Halls of the Dead | 1 | |
13 total
» build order
00:18 Graveyard
00:19 Crypt
00:47 Altar of Darkness
00:58 Ziggurat
01:17 Crypt
01:47 Tomb of Relics
02:25 Ziggurat
04:20 Ziggurat
06:24 Spirit Tower
06:48 Spirit Tower
08:56 Ziggurat
10:54 Halls of the Dead
13:06 Ziggurat
» items
| Rod of Necromancy | 2 | |
| Scroll of Town Portal | 3 | |
| Scroll of Regeneration | 1 | |
6 total
HuManOrDaNcEr (
blue | 94 APM | 4129 actions | 43:47)
10 Paladin
3 Holy Light
3 Devotion Aura
1 Resurrection
3 Divine Shield
7 Blood Mage
3 Banish
3 Flame Strike
1 Summon Phoenix
» actions
| Assign group hotkey | 74 | |
| Basic commands | 7 | |
| Build / train | 201 | |
| Enter build submenu | 41 | |
| Enter hero's abilities submenu | 17 | |
| Give item / drop item | 2 | |
| Remove unit from queue | 6 | |
| Right click | 1847 | |
| Select / deselect | 815 | |
| Select group hotkey | 933 | |
| Use ability | 183 | |
4129 total
» units
| Peasant | 43 | |
| Rifleman | 21 | |
| Priest | 12 | |
| Mortar Team | 8 | |
| Forest Troll Shadow Priest | 1 | |
| Flying Machine | 21 | |
| Siege Engine | 4 | |
110 total
» upgrades
| Gunpowder | 3 | |
| Armor | 2 | |
| Lumber Harvesting | 2 | |
| Long Rifles | 1 | |
| Flare | 1 | |
| Magic Sentry | 1 | |
| Priest Training | 3 | |
| Plating | 3 | |
| Flak Cannons | 1 | |
| Flying Machine Bombs | 1 | |
| Masonry | 1 | |
| Barrage | 2 | |
21 total
» buildings
| Altar of Kings | 3 | |
| Lumber Mill | 3 | |
| Barracks | 2 | |
| Blacksmith | 1 | |
| Farm | 17 | |
| Keep | 1 | |
| Arcane Vault | 2 | |
| Arcane Sanctum | 1 | |
| Scout Tower | 1 | |
| Workshop | 5 | |
| Town Hall | 6 | |
| Guard Tower | 1 | |
| Castle | 1 | |
44 total
» build order
00:20 Altar of Kings
01:11 Lumber Mill
01:58 Barracks
02:02 Blacksmith
02:12 Farm
02:34 Farm
03:41 Farm
04:03 Keep
04:09 Farm
04:42 Farm
05:08 Farm
05:32 Farm
05:55 Arcane Vault
09:05 Arcane Sanctum
10:04 Scout Tower
11:05 Workshop
11:12 Farm
12:39 Farm
13:36 Town Hall
15:49 Town Hall
15:54 Guard Tower
18:54 Castle
20:56 Workshop
21:00 Workshop
22:26 Altar of Kings
22:46 Altar of Kings
22:49 Farm
23:05 Farm
23:36 Workshop
23:59 Farm
25:00 Lumber Mill
25:33 Arcane Vault
27:06 Workshop
27:51 Farm
29:55 Town Hall
31:25 Lumber Mill
32:34 Farm
32:36 Farm
35:19 Farm
38:42 Town Hall
40:34 Town Hall
41:11 Barracks
41:17 Farm
42:19 Town Hall
» items
| Potion of Healing | 9 | |
| Scroll of Regeneration | 4 | |
| Lesser Clarity Potion | 4 | |
| Scroll of Town Portal | 6 | |
| Orb of Fire | 2 | |
| Staff of Sanctuary | 2 | |
| Potion of Mana | 1 | |
28 total
team 2 (winner)
Liko (
pink | 0 APM | 0 actions | 00:02)

»
deng (
purple | 119 APM | 2467 actions | 20:45)
4 Priestess of the Moon
2 Trueshot Aura
2 Searing Arrows
4 Keeper of the Grove
2 Entangling Roots
2 Thorns Aura
» actions
| Assign group hotkey | 35 | |
| Basic commands | 120 | |
| Build / train | 148 | |
| ESC pressed | 19 | |
| Enter build submenu | 31 | |
| Enter hero's abilities submenu | 9 | |
| Give item / drop item | 1 | |
| Remove unit from queue | 1 | |
| Right click | 1057 | |
| Select / deselect | 484 | |
| Select group hotkey | 460 | |
| Use ability | 102 | |
2467 total
» units
| Wisp | 24 | |
| Huntress | 46 | |
| Archer | 38 | |
| Druid of the Talon | 1 | |
109 total
» upgrades
| Ultravision | 2 | |
| Strength of the Moon | 3 | |
| Moon Armor | 2 | |
| Improved Bows | 1 | |
| Marksmanship | 1 | |
| Vorpal Blades | 1 | |
10 total
» buildings
| Altar of Elders | 2 | |
| Moon Well | 13 | |
| Hunter's Hall | 2 | |
| Ancient of War | 6 | |
| Tree of Ages | 8 | |
| Tree of Life | 1 | |
| Tree of Eternity | 2 | |
| Ancient of Wind | 1 | |
| Chimaera Roost | 1 | |
| Ancient of Lore | 1 | |
37 total
» build order
00:20 Altar of Elders
00:36 Moon Well
00:43 Altar of Elders
00:46 Moon Well
01:44 Hunter's Hall
01:59 Hunter's Hall
02:04 Ancient of War
02:14 Ancient of War
02:21 Ancient of War
02:24 Ancient of War
02:37 Ancient of War
02:45 Ancient of War
03:10 Moon Well
03:11 Moon Well
03:15 Moon Well
03:24 Moon Well
03:27 Moon Well
03:50 Moon Well
03:50 Moon Well
03:55 Moon Well
04:02 Moon Well
11:25 Tree of Ages
11:25 Tree of Ages
11:26 Tree of Ages
11:31 Tree of Ages
11:31 Tree of Ages
13:25 Tree of Life
13:48 Tree of Eternity
13:48 Tree of Eternity
14:05 Ancient of Wind
14:30 Moon Well
14:30 Moon Well
19:03 Chimaera Roost
19:09 Ancient of Lore

»
ffb (
orange | 0 APM | 0 actions | 45:58)
DarKNeSSCaLLs- (
yellow | 216 APM | 9908 actions | 45:58)
9 Death Knight
3 Death Coil
3 Unholy Aura
2 Animate Dead
1 Death Pact
8 Lich
3 Frost Nova
3 Frost Armor
2 Death and Decay
3 Keeper of the Grove
1 Entangling Roots
1 Tranquility
1 Thorns Aura
1 Priestess of the Moon
1 Trueshot Aura
» actions
| Assign group hotkey | 99 | |
| Basic commands | 152 | |
| Build / train | 199 | |
| ESC pressed | 8 | |
| Enter build submenu | 73 | |
| Enter hero's abilities submenu | 34 | |
| Give item / drop item | 5 | |
| Right click | 3586 | |
| Select / deselect | 1477 | |
| Select group hotkey | 3919 | |
| Use ability | 356 | |
9908 total
» units
| Acolyte | 14 | |
| Ghoul | 8 | |
| Crypt Fiend | 20 | |
| Obsidian Statue | 11 | |
| Frost Wyrm | 14 | |
| Goblin Zeppelin | 6 | |
| Chimaera | 9 | |
| Wisp | 17 | |
| Hippogryph | 7 | |
106 total
» upgrades
| Creature Attack | 6 | |
| Destroyer Form | 1 | |
| Web | 2 | |
| Freezing Breath | 1 | |
| Creature Carapace | 6 | |
| Stone Form | 1 | |
| Corrosive Breath | 1 | |
| Strength of the Wild | 5 | |
| Reinforced Hides | 3 | |
26 total
» buildings
| Graveyard | 2 | |
| Crypt | 4 | |
| Altar of Darkness | 2 | |
| Ziggurat | 23 | |
| Tomb of Relics | 2 | |
| Nerubian Tower | 2 | |
| Halls of the Dead | 2 | |
| Spirit Tower | 13 | |
| Black Citadel | 2 | |
| Sacrificial Pit | 2 | |
| Boneyard | 3 | |
| Slaughterhouse | 2 | |
| Necropolis | 2 | |
| Chimaera Roost | 5 | |
| Moon Well | 9 | |
| Tree of Ages | 1 | |
| Ancient of Wind | 4 | |
| Tree of Life | 2 | |
82 total
» build order
00:15 Graveyard
00:19 Crypt
00:23 Graveyard
00:27 Crypt
00:39 Altar of Darkness
00:55 Ziggurat
00:57 Altar of Darkness
01:09 Ziggurat
01:27 Tomb of Relics
01:52 Nerubian Tower
02:01 Nerubian Tower
02:06 Ziggurat
02:09 Ziggurat
03:55 Halls of the Dead
04:16 Halls of the Dead
04:19 Ziggurat
04:41 Ziggurat
05:13 Spirit Tower
05:13 Spirit Tower
07:08 Black Citadel
07:49 Black Citadel
08:47 Sacrificial Pit
08:49 Sacrificial Pit
09:57 Boneyard
09:58 Boneyard
10:02 Boneyard
10:04 Ziggurat
10:05 Ziggurat
10:13 Slaughterhouse
10:14 Slaughterhouse
11:05 Ziggurat
11:06 Ziggurat
11:48 Ziggurat
14:37 Necropolis
14:47 Ziggurat
16:30 Spirit Tower
18:59 Tomb of Relics
19:19 Ziggurat
22:30 Crypt
22:31 Crypt
23:24 Chimaera Roost
23:35 Chimaera Roost
23:38 Chimaera Roost
24:26 Chimaera Roost
24:27 Chimaera Roost
25:13 Ziggurat
25:14 Ziggurat
25:38 Moon Well
25:40 Moon Well
25:43 Moon Well
25:46 Moon Well
26:08 Ziggurat
26:09 Ziggurat
26:28 Spirit Tower
26:28 Spirit Tower
26:29 Spirit Tower
26:29 Spirit Tower
26:30 Spirit Tower
26:31 Spirit Tower
26:32 Spirit Tower
26:32 Spirit Tower
26:41 Necropolis
26:53 Moon Well
27:51 Tree of Ages
30:18 Ancient of Wind
30:19 Ancient of Wind
30:21 Ancient of Wind
31:09 Ancient of Wind
32:22 Moon Well
32:24 Moon Well
33:45 Tree of Life
33:49 Tree of Life
35:20 Moon Well
35:23 Moon Well
39:00 Ziggurat
39:01 Ziggurat
39:08 Ziggurat
44:29 Ziggurat
44:29 Ziggurat
44:30 Ziggurat
» items
| Rod of Necromancy | 3 | |
| Orb of Corruption | 2 | |
| Scroll of Town Portal | 6 | |
11 total
Chat log
(00:02 / Allies) Gx.Eriko: gl hf
(00:05 / All) DarKNeSSCaLLs-: t.t
(00:09 / All) DarKNeSSCaLLs-: Search again?
(00:09 / All) Gx.Eriko: ez win
(00:27 / Allies) HuManOrDaNcEr: pally rifle
(00:31 / Allies) Gx.Eriko: dk fiend
(00:39 / Allies) iKillDumbAllies: harass
(00:46 / Allies) iKillDumbAllies: theyre gonig to try to mass and rush probably
(00:49 / Allies) Gx.Eriko: ye
(01:21 / Allies) Gx.Eriko: ill dual crypt ;p
(01:46 / Allies) nlggerwcrmods: im rusty as shit nigga
(01:52 / Allies) Gx.Eriko: not u
(01:53 / Allies) Gx.Eriko: blue
(01:55 / Allies) Gx.Eriko: ur altar
(02:20 / Allies) Gx.Eriko: rush elves
(04:20 / Allies) HuManOrDaNcEr: kodos
(04:24 / Allies) Gx.Eriko: ?
(04:28 / Allies) HuManOrDaNcEr: green is kodos
(04:29 / Allies) nlggerwcrmods: what
(04:34 / Allies) HuManOrDaNcEr: hes a legend
(04:57 / Allies) HuManOrDaNcEr: he will clean east from hacking virgins
(05:02 / Allies) Gx.Eriko: LOL
(05:16 / Allies) iKillDumbAllies: mass hunts
(05:21 / Allies) Gx.Eriko: o shit
(05:32 / Allies) Gx.Eriko: hit with me red?
(05:34 / All) DarKNeSSCaLLs-: kodos #1
(05:41 / All) nlggerwcrmods: yes i am good sir
(05:45 / Allies) Gx.Eriko: yo lb
(05:46 / Allies) Gx.Eriko: er blue
(06:05 / Allies) Gx.Eriko: cn u build me a shop blue
(06:06 / Allies) Gx.Eriko: for heal
(06:15 / Allies) Gx.Eriko: thx
(06:24 / Allies) nlggerwcrmods: feed?
(06:36 / Allies) HuManOrDaNcEr: LOL
(06:38 / Allies) HuManOrDaNcEr: tp
(07:24 / All) Gx.Eriko: lol shit
(07:35 / Allies) iKillDumbAllies: like i said....
(07:48 / Allies) iKillDumbAllies: not sure why u guys would amke it easy on them
(07:53 / Allies) Gx.Eriko: i never,..
(08:54 / Allies) nlggerwcrmods: gold plz
(09:47 / All) Gx.Eriko: nice rush
(10:04 / Allies) Gx.Eriko: now counter
(10:11 / Allies) Gx.Eriko: wood pls?
(10:34 / Allies) Gx.Eriko: green
(10:35 / Allies) Gx.Eriko: wood?
(11:53 / Allies) nlggerwcrmods: gold
(11:55 / Allies) nlggerwcrmods: niggas
(12:05 / Allies) Gx.Eriko: yo
(12:08 / Allies) Gx.Eriko: ima hall purple
(12:20 / Allies) Gx.Eriko: let sappers lead
(12:51 / Allies) Gx.Eriko: im b
(12:53 / Allies) Gx.Eriko: i have no tp
(13:18 / Allies) Gx.Eriko: wood pls
(13:19 / Allies) Gx.Eriko: for web
(13:48 / Allies) Gx.Eriko: blue green
(13:53 / Allies) Gx.Eriko: WOOOOOD
(14:04 / Allies) HuManOrDaNcEr: erixo expapnd
(14:12 / Allies) Gx.Eriko: u expo both ^^
(14:48 / Allies) Gx.Eriko: we should hit
(16:01 / Allies) Gx.Eriko: b
(16:06 / Allies) Gx.Eriko: OUT
(16:24 / Allies) HuManOrDaNcEr: what they have
(16:26 / Allies) Gx.Eriko: they prolly coming to counter
(16:29 / Allies) Gx.Eriko: wyrm
(16:58 / Allies) Gx.Eriko: u guys got tps?
(17:05 / Allies) HuManOrDaNcEr: yes
(17:08 / Allies) HuManOrDaNcEr: im not a virgin
(17:32 / All) Gx.Eriko: MY DK
(17:55 / Allies) Gx.Eriko: GREEN
(17:56 / Allies) Gx.Eriko: TP
(18:09 / All) Gx.Eriko: afker..
(18:28 / Allies) Gx.Eriko: blue gold me?? ^^
(18:46 / Allies) Gx.Eriko: green ur back?
(18:55 / Allies) nlggerwcrmods: yes im watching football game some
(19:00 / Allies) Gx.Eriko: -.-
(19:01 / Allies) Gx.Eriko: come finish
(19:19 / Allies) Gx.Eriko: whos playin?
(19:28 / Allies) nlggerwcrmods: falcons eagles
(19:33 / Allies) Gx.Eriko: eagles ftw?
(20:28 / Allies) Gx.Eriko: come green
(20:29 / Allies) Gx.Eriko: fuck
(20:36 / Allies) Gx.Eriko: b
(20:40 / All) Gx.Eriko: HOLY FUCK
(20:44 / Allies) Gx.Eriko: u fucking let us die
(20:48 / Allies) HuManOrDaNcEr: fucking kodos
(20:50 / All) nlggerwcrmods: no i did not "let u die"
(20:53 / All) nlggerwcrmods: teal
(20:56 / Allies) Gx.Eriko: -_-
(21:15 / Allies) Gx.Eriko: red??
(21:15 / Allies) Gx.Eriko: dont
(21:24 / Allies) HuManOrDaNcEr: red dont
(21:25 / Allies) HuManOrDaNcEr: we ar eok
(21:26 / Allies) Gx.Eriko: we can still win
(21:27 / Allies) HuManOrDaNcEr: RED
(21:28 / Allies) HuManOrDaNcEr: STPO
(21:29 / Allies) HuManOrDaNcEr: STOP
(21:30 / Allies) HuManOrDaNcEr: RED
(21:31 / Allies) HuManOrDaNcEr: CHILL
(21:38 / All) Gx.Eriko: and this is how my rec gets ruined..
(21:52 / Allies) HuManOrDaNcEr: DONT FUCK WITH KODOS
(22:00 / Allies) HuManOrDaNcEr: eriko
(22:01 / Allies) HuManOrDaNcEr: lumber plz
(22:02 / Allies) Gx.Eriko: stay b
(22:05 / Allies) Gx.Eriko: wait foe me to tp
(22:12 / Allies) Gx.Eriko: 20 secs
(22:35 / Allies) HuManOrDaNcEr: wood me eriko
(22:55 / Allies) Gx.Eriko: ok go green
(23:11 / Allies) Gx.Eriko: wow how am i dumb red
(23:20 / Allies) HuManOrDaNcEr: red ur a fucking noob
(23:38 / Allies) Gx.Eriko: im not the one with 3k gold..
(23:44 / All) nlggerwcrmods: gg red is a backstabber, this is stupid, i quit wc3 forever
(23:48 / Allies) HuManOrDaNcEr: lumber me eriko
(23:53 / All) DarKNeSSCaLLs-: I hear ya bro
(24:16 / Allies) Gx.Eriko: green can u leave?
(24:28 / All) Gx.Eriko: fuck this lol
(24:31 / Allies) HuManOrDaNcEr: erko
(24:32 / Allies) HuManOrDaNcEr: stay
(24:34 / All) DarKNeSSCaLLs-: oh my your poor record
(24:35 / All) DarKNeSSCaLLs-: RUINED
(24:41 / All) Gx.Eriko: i know
(24:48 / Allies) HuManOrDaNcEr: red fucking stopo
(24:51 / Allies) HuManOrDaNcEr: we cna win noob
(24:59 / Allies) Gx.Eriko: ye
(25:01 / Allies) Gx.Eriko: more gyros blue
(25:45 / Allies) Gx.Eriko: blue
(25:49 / Allies) HuManOrDaNcEr: yes sir
(25:49 / Allies) Gx.Eriko: ill unburrow when they get here
(26:16 / Allies) HuManOrDaNcEr: red
(26:18 / Allies) HuManOrDaNcEr: fcuk off.
(26:19 / Allies) HuManOrDaNcEr: plz
(26:27 / Allies) Gx.Eriko: lets just leave him
(26:28 / Allies) Gx.Eriko: and go atk?
(26:46 / Allies) Gx.Eriko: more gyros blue
(27:20 / Allies) HuManOrDaNcEr: its ok+
(27:24 / Allies) Gx.Eriko: yo
(27:26 / Allies) Gx.Eriko: all get tps?
(27:29 / Allies) Gx.Eriko: and tp to blues expo?
(27:34 / Allies) HuManOrDaNcEr: Ok
(27:36 / Allies) HuManOrDaNcEr: kods u in?
(27:46 / Allies) Gx.Eriko: kodos r u in?
(27:48 / Allies) nlggerwcrmods: yes
(27:51 / Allies) Gx.Eriko: k cool
(28:02 / Allies) Gx.Eriko: tp now
(28:04 / All) DarKNeSSCaLLs-: Guys its 1v4..
(28:06 / All) DarKNeSSCaLLs-: why arent you attacking
(28:07 / Allies) Gx.Eriko: TP
(28:09 / Allies) Gx.Eriko: TP
(28:17 / All) DarKNeSSCaLLs-: theree goes all my air
(29:28 / Allies) nlggerwcrmods: im watching red
(29:31 / Allies) Gx.Eriko: now how to get the fuck outta here
(30:09 / Allies) Gx.Eriko: green
(30:13 / Allies) Gx.Eriko: can u go atk or something pls
(30:20 / Allies) Gx.Eriko: who gives a fuck about red
(30:20 / Allies) nlggerwcrmods: im watching red he is bothering our workers
(30:45 / Allies) Gx.Eriko: LETS JUST FUCKING ATK
(30:47 / Allies) Gx.Eriko: I WANT THE WIN
(31:02 / Allies) Gx.Eriko: green are u ever going to atk
(31:03 / Allies) Gx.Eriko: yes or no
(31:07 / Allies) nlggerwcrmods: yes
(31:08 / Allies) HuManOrDaNcEr: wood me eriko
(31:20 / Allies) Gx.Eriko: just come dude
(31:21 / Allies) Gx.Eriko: wow
(31:25 / Allies) Gx.Eriko: or alt qq so i can control..
(32:55 / Allies) Gx.Eriko: watch flank
(33:07 / All) Gx.Eriko: fucking green..
(33:57 / Allies) HuManOrDaNcEr: red wtf dude
(34:24 / Allies) HuManOrDaNcEr: red
(36:10 / Allies) iKillDumbAllies: should have harassed early to annoy them into leaving
(36:22 / Allies) nlggerwcrmods: yes u should have good sir
(36:31 / Allies) iKillDumbAllies: im the only one that did
(37:28 / Allies) HuManOrDaNcEr: kodos
(37:31 / Allies) HuManOrDaNcEr: can you fucking hel
(37:34 / Allies) HuManOrDaNcEr: p
(37:35 / Allies) nlggerwcrmods: yes
(37:40 / Allies) nlggerwcrmods: im concerned wiwth red though
(37:45 / Allies) HuManOrDaNcEr: kodos
(37:45 / Allies) nlggerwcrmods: dk dr is tough combo
(37:47 / Allies) HuManOrDaNcEr: post this
(37:49 / Allies) HuManOrDaNcEr: at wcr
(37:53 / Allies) HuManOrDaNcEr: please
(37:57 / Allies) HuManOrDaNcEr: cuz ur a retarded son ofa bitch
(38:00 / All) nlggerwcrmods: i think im ip banned from wcr
(38:03 / All) nlggerwcrmods: blue
(38:14 / All) nlggerwcrmods: i made a topic about bmi.philbot back in 2005 and they banned me
(38:33 / Allies) HuManOrDaNcEr: u can take them easily
(38:36 / Allies) HuManOrDaNcEr: u selifhs motherfucker
(39:20 / All) DarKNeSSCaLLs-: whoops
(39:22 / All) DarKNeSSCaLLs-: how did she die
(39:39 / All) nlggerwcrmods: who
(39:42 / All) DarKNeSSCaLLs-: my potm
(39:47 / All) nlggerwcrmods: reds heros it hink
(39:53 / All) nlggerwcrmods: it was idle at middle
(40:18 / All) DarKNeSSCaLLs-: nigger silence
(40:26 / Allies) nlggerwcrmods: oops misclick
(40:52 / Allies) HuManOrDaNcEr: kodos
(40:54 / Allies) HuManOrDaNcEr: ur a fucking traitor
(41:00 / All) nlggerwcrmods: no im not blue
(41:03 / All) nlggerwcrmods: im a team player
(41:05 / Allies) HuManOrDaNcEr: yes fucking idiot
(41:20 / Allies) HuManOrDaNcEr: if u were a team player
(41:23 / Allies) HuManOrDaNcEr: u just kill red
(41:25 / Allies) HuManOrDaNcEr: and help me
(41:28 / Allies) HuManOrDaNcEr: but ur a fucking troll
(41:29 / All) nlggerwcrmods: apologize blue
(41:31 / All) nlggerwcrmods: right now
(41:37 / All) nlggerwcrmods: or face my wrath
(41:41 / All) HuManOrDaNcEr: FUCK YOU BLUE MOTHERFUCKING NERD KODOS VIRGIN
(41:51 / Allies) HuManOrDaNcEr: typicall classy shit
(41:55 / All) DarKNeSSCaLLs-: you're blue tho
(41:56 / All) nlggerwcrmods: apologize blue
(41:57 / Allies) HuManOrDaNcEr: angry loser
(41:58 / All) nlggerwcrmods: and ill stop
(42:01 / Allies) HuManOrDaNcEr: Ok apologize
(42:11 / Allies) HuManOrDaNcEr: let me kill yellow
(42:56 / All) DarKNeSSCaLLs-: did you know?
(42:57 / Allies) HuManOrDaNcEr: we are dead
(43:00 / All) DarKNeSSCaLLs-: You can dispel silence
(43:01 / All) HuManOrDaNcEr: yellow
(43:04 / All) HuManOrDaNcEr: for be a fucking noob
(43:08 / All) nlggerwcrmods: interesting
(43:09 / All) HuManOrDaNcEr: u talk shit
(43:10 / All) DarKNeSSCaLLs-: i did nothing
(43:14 / All) DarKNeSSCaLLs-: a fucking noob eh
(43:18 / All) DarKNeSSCaLLs-: try controlling 4 armies at once sir
(43:19 / All) HuManOrDaNcEr: kodos forsaken is a truly son of a bitch.
(43:23 / All) HuManOrDaNcEr: yellow watch the replay
(43:27 / All) DarKNeSSCaLLs-: why
(43:28 / All) HuManOrDaNcEr: and watch this fucking nerd virgin
(43:32 / All) HuManOrDaNcEr: stab us
(43:32 / All) DarKNeSSCaLLs-: what did kodos do
(43:36 / All) HuManOrDaNcEr: then talk shit
(43:42 / All) HuManOrDaNcEr: kodos is a virgin named bradley
(43:44 / All) HuManOrDaNcEr: LOL
(43:56 / All) nlggerwcrmods: hero duel red
(44:58 / All) DarKNeSSCaLLs-: double invis surround
(45:25 / All) DarKNeSSCaLLs-: my ally turned on auto welsl thats handy
(45:29 / All) DarKNeSSCaLLs-: wells*
(45:37 / All) nlggerwcrmods: did they all leave at start
(45:42 / All) DarKNeSSCaLLs-: no
(45:44 / All) DarKNeSSCaLLs-: one elf stayed
(45:46 / All) DarKNeSSCaLLs-: for a bit
(45:49 / All) DarKNeSSCaLLs-: but after he got halled
(45:56 / All) DarKNeSSCaLLs-: he left shortly after